 Dungeon Sprint DCSS version 0.21-a0-401-g0b6bec4 (webtiles) character file.

294 Kidiri the Skirmisher (level 6, -1/53 HPs)
             Began as a Demonspawn Monk on Oct 26, 2017.
             Was an Elder of Wu Jian.
             Slain by an orc warrior
             ... wielding a +0 short sword
              (19 damage)
             ... in the Dungeon (Sprint VII: "The Pits").
             The game lasted 00:02:54 (1072 turns).

Kidiri the Skirmisher (Demonspawn Monk)             Turns: 1072, Time: 00:02:55

Health: -1/53      AC:  2    Str: 13    XL:     6   Next: 11%
Magic:  6/6        EV: 16    Int: 11    God:    Wu Jian [****..]
Gold:   0          SH:  0    Dex: 16    Spells: 5/5 levels left

rFire    . . .     SeeInvis .   a - +0 long sword (flame)
rCold    . . .     Gourm    .   (no shield)
rNeg     . . .     Faith    .   b - +0 robe
rPois    .         Spirit   .   (no helmet)
rElec    .         Reflect  .   (no cloak)
rCorr    .         Harm     .   (no gloves)
MR       .....     NoTele   +   (no boots)
Stlth    ++........             (no amulet)
HPRegen  0.17/turn              (no ring)
MPRegen  0.10/turn              (no ring)

@: exhausted, glowing, heavenly storm
A: talons 2, nightstalker 1, spiny 1
a: Serpent's Lash, Renounce Religion


You were in the Dungeon.
You worshipped Wu Jian.
Wu Jian was greatly pleased with you.
You were hungry.

You visited 1 branch

Inventory:

Hand Weapons
 a - a +0 long sword of flaming (weapon)
Missiles
 p - 10 stones (quivered)
Armour
 b - a +0 robe (worn)
Scrolls
 i - a scroll of blinking
 k - 3 scrolls of remove curse
 l - 5 scrolls of amnesia
 m - a scroll of summoning
Potions
 d - 6 potions of curing
 e - 4 potions of heal wounds
 f - a potion of haste
 g - 4 potions of magic
 h - 2 potions of berserk rage
 j - 2 potions of invisibility
Comestibles
 c - 8 bread rations
 n - 40 fruits
 o - 7 meat rations


   Skills:
 * Level 6.5 Fighting
 * Level 5.9 Long Blades
 + Level 3.4 Throwing
 + Level 3.3 Armour
 * Level 5.9 Dodging
 * Level 5.9 Stealth


You had 5 spell levels left.
You didn't know any spells.

Dungeon Overview and Level Annotations

Branches:
Dungeon (1/1)

Altars:
Ashenzari
Cheibriados
Dithmenos
Elyvilon
Fedhas
Gozag
Hepliaklqana
Kikubaaqudgha
Makhleb
Nemelex Xobeh
Okawaru
Qazlal
Ru
Sif Muna
Trog
Uskayaw
Vehumet
Wu Jian
Xom
Yredelemnul
Zin
The Shining One
Beogh
Jiyva
Lugonu

Annotations:
D exclusions: 6 doors and 6 more exclusions


Innate Abilities, Weirdness & Mutations

You have razor-sharp toenails.
You are slightly more attuned to the shadows.
You are partially covered in sharp spines.


Message History

You kill the orc wizard!
The Council accepts your kill.
You have reached level 6!
Your experience leads to an increase in your attributes!
Increase (S)trength, (I)ntelligence, or (D)exterity?
You feel stronger.
Your demonic ancestry asserts itself...
Your toenails lengthen and sharpen.
The deep elf mage closely misses you.
You riposte.
You hit the deep elf mage. You burn the deep elf mage.
You claw the deep elf mage.
The deep elf mage is lightly wounded.
You barely miss the orc warrior.
The deep elf mage gestures at you while chanting.
The magic dart hits you! The orc warrior misses you.
Unknown command.
You barely miss the deep elf mage.
The deep elf mage is lightly wounded.
The deep elf mage points at you and mumbles some strange words.
The magic dart hits you!
The orc warrior hits you with a short sword!!
You die...

#.#.....#))#####+###
#.###+###))##.......
#.#.....#))##.......
#.#..%..#[[##.......
#.####+##+###...<...
#.#........##.......
#.#........##.......
#§###########.......
#§o@eh..# ########
#§###§((# #.# ..#
#o# .# #o. # #.. #..


You could see a deep elf mage, an orc warrior and a jackal.

Vanquished Creatures
  A black bear (D)
  A centaur (D)
  An orc wizard (D)
  An iguana (D)
  A worker ant (D)
  A river rat (D)
  An adder (D)
  2 ufetubi (D)
  2 orcs (D)
  A bat zombie (D)
  5 jackals (D)
  A kobold (D)
  A frilled lizard (D)
19 creatures vanquished.

Notes
Turn   | Place    | Note
-------+----------+-------------------------------------------
     0 | D        | Kidiri the Demonspawn Monk began the quest for the Orb.
     0 | D        | Reached XP level 1. HP: 18/18 MP: 1/1
    61 | D        | Found a bloodstained altar of Trog.
    61 | D        | Found a deep blue altar of Sif Muna.
    61 | D        | Found a viscous altar of Jiyva.
    61 | D        | Found a hazy altar of Hepliaklqana.
    61 | D        | Found an opulent altar of Gozag.
    62 | D        | Found a glowing golden altar of the Shining One.
    62 | D        | Found a glowing silver altar of Zin.
    62 | D        | Found a basalt altar of Yredelemnul.
    62 | D        | Found a shimmering altar of Xom.
    62 | D        | Found an ornate altar of the Wu Jian Council.
    62 | D        | Found a sacrificial altar of Ru.
    62 | D        | Found a stormy altar of Qazlal.
    62 | D        | Found an iron altar of Okawaru.
    62 | D        | Found a sparkling altar of Nemelex Xobeh.
    62 | D        | Found a burning altar of Makhleb.
    62 | D        | Found a blossoming altar of Fedhas.
    62 | D        | Found a white marble altar of Elyvilon.
    62 | D        | Found a shadowy altar of Dithmenos.
    62 | D        | Found a snail-covered altar of Cheibriados.
    64 | D        | Found a radiant altar of Vehumet.
    64 | D        | Found a corrupted altar of Lugonu.
    64 | D        | Found a roughly hewn altar of Beogh.
    65 | D        | Found a hide-covered altar of Uskayaw.
    65 | D        | Found an ancient bone altar of Kikubaaqudgha.
    65 | D        | Found a shattered altar of Ashenzari.
    71 | D        | Became a worshipper of the Wu Jian Council
    71 | D        | Reached * piety under Wu Jian
    71 | D        | Reached ** piety under Wu Jian
   124 | D        | Reached *** piety under Wu Jian
   127 | D        | Reached skill level 1 in Throwing
   127 | D        | Reached skill level 1 in Armour
   127 | D        | Gained mutation: You have sharp toenails. [demonic ancestry]
   127 | D        | Reached XP level 2. HP: 5/25 MP: 2/2
   714 | D        | Noticed a black bear
   722 | D        | Reached skill level 4 in Fighting
   722 | D        | Gained mutation: You are slightly more attuned to the shadows. [demonic ancestry]
   722 | D        | Reached XP level 3. HP: 30/30 MP: 3/3
   724 | D        | Reached **** piety under Wu Jian
   731 | D        | Killed a black bear
   731 | D        | Reached skill level 5 in Fighting
   731 | D        | Reached skill level 5 in Long Blades
   731 | D        | Reached XP level 4. HP: 22/39 MP: 4/4
   731 | D        | Gained mutation: You are partially covered in sharp spines. [demonic ancestry]
   731 | D        | Reached XP level 5. HP: 25/44 MP: 5/5
  1056 | D        | Noticed a centaur
  1059 | D        | Noticed an orc warrior
  1061 | D        | Reached skill level 5 in Dodging
  1061 | D        | Killed a centaur
  1061 | D        | Reached skill level 6 in Fighting
  1061 | D        | Reached skill level 5 in Stealth
  1062 | D        | Reached ***** piety under Wu Jian
  1063 | D        | Noticed a deep elf mage
  1070 | D        | Gained mutation: You have razor-sharp toenails. [demonic ancestry]
  1070 | D        | Reached XP level 6. HP: 28/53 MP: 6/6
  1072 | D        | Slain by an orc warrior

Vault maps used:
D:        pitsprint

Skill      XL: |  1  2  3  4  5 |
---------------+----------------+-----
Stealth        | 2 3 4 5 |  5.9
Long Blades    | 3 5 |  5.9
Dodging        | 3 4 5 |  5.9
Throwing       | 1 2 3 |  3.4
Armour         | 1 2 3 |  3.3
Fighting       | 4 5 6 |  6.5

Action                   |  1- 3 |  4- 6 || total
-------------------------+-------+-------++-------
Melee: Falchion          |    37 |       ||    37
       Kick              |     4 |     6 ||    10
       Long sword        |       |    17 ||    17
Throw: Stone             |       |     3 ||     3
Invok: Serpent's Lash    |       |     1 ||     1
       Heavenly Storm    |       |     1 ||     1
  Use: Potion            |     2 |     1 ||     3
Armor: Robe              |     6 |     1 ||     7
Dodge: Dodged            |    32 |    11 ||    43
       Rpst.: Falchion   |    11 |       ||    11
       Long sword        |       |     4 ||     4

Table legend:
 A = Spawn XP
 B = Non-spawn XP
 C = Spawn XP percentage of total XP
 D = Spawn monster count
 E = Non-spawn monster count
 F = Spawn count percentage of total count
 G = Total turns spent on level
                    A         B        C        D         E        F      G
               +---------+---------+-------+---------+---------+-------+---------
         Total |       0 |     421 |   0.0 |       0 |      19 |   0.0 |  1072
               +---------+---------+-------+---------+---------+-------+---------
             D |       0 |     421 |   0.0 |       0 |      19 |   0.0 |  1072
               +---------+---------+-------+---------+---------+-------+---------
